 Dungeon Crawl Stone Soup version 0.22.1-2-g9c5b331383 (webtiles) character file.

4144 Knorr the Cleaver (level 10, -7/60 HPs)
             Began as a Gargoyle Fighter on Dec 30, 2018.
             Was a Follower of Trog.
             Mangled by a red ugly thing (22 damage)
             ... on level 11 of the Dungeon.
             The game lasted 00:35:15 (4941 turns).

Knorr the Cleaver (Gargoyle Fighter)                Turns: 4941, Time: 00:35:15

Health: -7/60      AC: 18    Str: 21    XL:     10   Next: 27%
Magic:  10/10      EV: 10    Int:  9    God:    Trog [*.....]
Gold:   337        SH: 11    Dex: 11    Spells: 9/9 levels left

rFire    . . .     SeeInvis .   a - +2 war axe
rCold    . . .     Gourm    .   c - +0 shield
rNeg     + . .     Faith    .   b - +0 scale mail
rPois    ∞         Spirit   .   (no helmet)
rElec    +         Reflect  .   i - +2 cloak
rCorr    .         Harm     .   (no gloves)
MR       .....                  (no boots)
Stlth    ..........             (no amulet)
HPRegen  0.20/turn              (no ring)
MPRegen  0.12/turn              (no ring)

@: no status effects
A: negative energy resistance 1, electricity resistance, unbreathing,
petrification resistance, rot immunity, AC +7
a: Berserk, Renounce Religion


You were on level 11 of the Dungeon.
You worshipped Trog.
Trog was aware of your devotion.
You were not hungry.

You visited 1 branch of the dungeon, and saw 11 of its levels.

You collected 337 gold pieces.

Inventory:

Hand Weapons
 a - a +2 war axe (weapon)
 d - a +1 dagger of chaos
Missiles
 g - 108 stones (quivered)
 p - 5 throwing nets
Armour
 b - a +0 scale mail (worn)
 c - a +0 shield (worn)
 i - a +2 cloak (worn)
Jewellery
 h - an uncursed ring of ice {unknown}
Wands
 k - a wand of iceblast (8)
Scrolls
 e - 4 scrolls of identify
 j - a scroll of fog
 l - 2 scrolls of remove curse
 m - a scroll of fear
 q - a scroll of teleportation
Potions
 o - 2 potions of ambrosia
Comestibles
 f - 6 rations


   Skills:
 + Level 6.2 Fighting
 + Level 8.8 Axes
 + Level 1.4 Throwing
 + Level 5.8 Armour
 * Level 5.0 Dodging
 + Level 0.5 Stealth
 * Level 7.7 Shields


You had 9 spell levels left.
You didn't know any spells.
Your spell library was empty.

Dungeon Overview and Level Annotations

Branches:
Dungeon (11/15)
 Temple: D:4-7         Lair: D:8-11         Orc: D:9-12

Altars:
Cheibriados
Dithmenos
Kikubaaqudgha
Ru
Sif Muna
Trog
Yredelemnul
The Shining One

Annotations:
D:2 Natasha
D:5 Ijyb
D:9 2 transporters


Innate Abilities, Weirdness & Mutations

You are resistant to torment.
Your stone body is resilient. (AC +7)
You are immune to poison.
You resist negative energy. (rN+)
You are resistant to electric shocks. (rElec)
You can survive without breathing.
You are immune to petrification.
You are immune to rotting.


Message History

You slash the troll!
You kill the troll!
Trog accepts your kill.
Your Dodging skill increases to level 5!
Your scale mail prevents you from hitting the red ugly thing.
You block the red ugly thing's attack.
The centaur warrior wields a longbow.
The centaur warrior shoots an arrow.
You block the arrow.
Press: ? - help, v - describe, . - travel
Here: a centaur warrior, wielding a longbow The floor.
The red ugly thing tail-slaps you but does no damage.
The red ugly thing tail-slaps you.
You are engulfed in flames!
* * * LOW HITPOINT WARNING * * *
You feel better.
The red ugly thing tail-slaps you but does no damage.
There is a stone staircase leading up here.
The red ugly thing tail-slaps you!
* * * LOW HITPOINT WARNING * * *
You are engulfed in flames!!
You die...

.....##..#.# #.#
##.........#####.####
######.[####.......#
#..# #.#####.# #..
#..####.# #.###.#
#....(..# #..##.#
##.####.# #..##.#
##### #.#
#.#####..##.# #.c..
#.# #...@....##.#
#.### ..#
####u###.##.#####.#
### #.c............#
########.#.###.#
#.#.# #... #....
..... ###.###.### ..#
#.# #.# #.#


You could see a red ugly thing and a centaur warrior.

Vanquished Creatures
  Harold (D:9)
  A two-headed ogre (D:11)
  Pikel (D:7)
  Psyche (D:8)
  A troll (D:11)
  A hornet (D:8)
  Edmund (D:5)
  An orc warrior (D:6)
  An ice beast (D:10)
  2 ogres
  A necrophage (D:10)
  A centaur (D:5)
  Blork the orc (D:5)
  2 bullfrogs (D:9)
  2 scorpions
  A crimson imp (D:7)
  2 bullfrog zombies
  5 jellies
  A hound (D:10)
  A centaur skeleton (D:6)
  An orc priest (D:8)
  An orc wizard (D:6)
  A bullfrog skeleton (D:9)
  An iguana (D:4)
  8 worker ants
  3 hound skeletons
  A worker ant zombie (D:6)
  2 adders
  A shadow imp (D:10)
  A white imp (D:7)
  An adder zombie (D:9)
  An adder skeleton (D:8)
  3 dart slugs
  3 leopard geckos
  10 orcs
  6 bats
  5 giant cockroaches
  A goblin (D:3)
  3 hobgoblins
  8 jackals
  A kobold (D:1)
  2 quokkas
  3 frilled lizards
  A quokka skeleton (D:8)
  4 rats
  4 toadstools (D:1)
104 creatures vanquished.

Vanquished Creatures (others)
  An orc priest (D:7)
  2 orc wizards (D:7)
  An adder (D:7)
  An orc (D:7)
5 creatures vanquished.

Grand Total: 109 creatures vanquished

Notes
Turn   | Place    | Note
-------+----------+-------------------------------------------
     0 | D:1      | Knorr the Gargoyle Fighter began the quest for the Orb.
     0 | D:1      | Reached XP level 1. HP: 14/14 MP: 1/1
   246 | D:1      | Reached XP level 2. HP: 19/19 MP: 2/2
   248 | D:1      | Reached skill level 2 in Axes
   502 | D:1      | Reached XP level 3. HP: 23/23 MP: 3/3
   626 | D:2      | Noticed Natasha
   663 | D:3      | Noticed a scorpion
   674 | D:3      | Killed a scorpion
   674 | D:3      | Reached skill level 1 in Dodging
   674 | D:3      | Reached XP level 4. HP: 18/29 MP: 4/4
  1050 | D:4      | Reached skill level 3 in Axes
  1086 | D:4      | Reached XP level 5. HP: 30/33 MP: 5/5
  1161 | D:4      | Found a deep blue altar of Sif Muna.
  1161 | D:4      | Found a shadowy altar of Dithmenos.
  1163 | D:4      | Found a snail-covered altar of Cheibriados.
  1311 | D:5      | Entered Level 5 of the Dungeon
  1362 | D:5      | Noticed a centaur
  1543 | D:5      | Killed a centaur
  1543 | D:5      | Reached XP level 6. HP: 34/38 MP: 6/6
  1607 | D:5      | Noticed Edmund
  1622 | D:5      | Killed Edmund
  1622 | D:5      | Reached skill level 4 in Axes
  1843 | D:5      | Reached XP level 7. HP: 40/43 MP: 7/7
  1885 | D:5      | Noticed Blork the orc
  1898 | D:5      | Killed Blork the orc
  1928 | D:5      | Reached skill level 5 in Shields
  1998 | D:5      | Noticed Ijyb
  2488 | D:6      | Reached skill level 5 in Axes
  2698 | D:6      | Found a basalt altar of Yredelemnul.
  2799 | D:6      | Reached XP level 8. HP: 40/48 MP: 8/8
  3122 | D:7      | Found a bloodstained altar of Trog.
  3150 | D:7      | Became a worshipper of Trog the Wrathful
  3191 | D:7      | Found an ancient bone altar of Kikubaaqudgha.
  3191 | D:7      | Found a glowing golden altar of the Shining One.
  3540 | D:7      | Noticed Pikel
  3558 | D:7      | Killed Pikel
  3558 | D:7      | Reached skill level 6 in Axes
  3558 | D:7      | Reached skill level 1 in Throwing
  3558 | D:7      | Reached skill level 5 in Armour
  3660 | D:8      | Noticed a hornet
  3672 | D:8      | Killed a hornet
  3672 | D:8      | Reached skill level 5 in Fighting
  3672 | D:8      | Reached XP level 9. HP: 24/54 MP: 9/9
  3908 | D:8      | Noticed Psyche
  3918 | D:8      | Killed Psyche
  3918 | D:8      | Reached skill level 7 in Axes
  3989 | D:9      | Found a transporter.
  3990 | D:9      | Found a transporter.
  3990 | D:9      | Noticed a deep troll
  4230 | D:9      | Noticed Harold
  4249 | D:9      | Killed Harold
  4347 | D:9      | Found a sacrificial altar of Ru.
  4427 | D:10     | Entered Level 10 of the Dungeon
  4447 | D:10     | Reached skill level 8 in Axes
  4533 | D:10     | Reached * piety under Trog
  4725 | D:11     | Noticed a two-headed ogre
  4740 | D:11     | Killed a two-headed ogre
  4740 | D:11     | Reached XP level 10. HP: 35/60 MP: 10/10
  4913 | D:11     | Noticed a red ugly thing
  4918 | D:11     | Noticed a centaur warrior
  4919 | D:11     | Reached skill level 5 in Dodging
  4941 | D:11     | Mangled by a red ugly thing

Skill      XL: |  1  2  3  4  5  6  7  8  9 10 |
---------------+-------------------------------+-----
Axes           | 2 3 4 5 6 8 |  8.8
Dodging        | 1 2 4 5 |  5.0
Shields        | 4 5 6 7 |  7.7
Fighting       | 4 5 6 |  6.2
Armour         | 4 5 |  5.8
Throwing       | 1 |  1.4
Stealth        | |  0.5

Action                   |  1- 3 |  4- 6 |  7- 9 | 10-12 || total
-------------------------+-------+-------+-------+-------++-------
Melee: War axe           |   130 |   100 |   246 |    18 ||   494
Throw: Stone             |       |     1 |    13 |       ||    14
Invok: Berserk           |       |       |     1 |       ||     1
  Use: Scroll            |     8 |     3 |     3 |       ||    14
       Potion            |     2 |     4 |     3 |     1 ||    10
  Eat: Ration            |       |     1 |     3 |       ||     4
       Chunk             |       |       |     2 |       ||     2
Armor: Scale mail        |   101 |    51 |   108 |    12 ||   272
Dodge: Dodged            |    58 |    38 |    85 |     4 ||   185
Block: Shield            |    97 |    54 |   130 |    12 ||   293
